AoeStats
← Hector

Nomad

510132778Analyzed
2v2 RM · 2d ago on Sep 29, 2026· 51m 0s· 4 players
Game mode
Random Map
Map size
176×176
Population
200
Speed
Normal
Resources
Standard
Victory
Conquest
Starting age
Dark Age
Ending age
Imperial Age
RankedLock teamsTeams togetherTeam positionsShared explorationLock speedFull tech treeHidden civsTurbo modeCheats
Victory
Defeat
🇩🇰 Danes · Denmark
1529
+13
🇩🇰 Aztecs · Denmark
1524
+13
🇦🇹 Sicilians · Austria
1494
-14
🇦🇹 Vikings · Austria
1445
-12
DeadlyEfficiency
7:12 Loom
12:55 Feudal Age
15:22 Forging
21:53 Castle Age
23:06 Medium Warships
24:06 Scale Mail Armor
25:57 Chain Mail Armor
26:04 Fletching
27:23 Bodkin Arrow
30:04 Squires
36:51 Town Watch
37:14 Double-Bit Axe
40:05 Wheelbarrow
42:15 Hand Cart
49:30 Scale Barding Armor
Hector
8:30 Loom
14:17 Feudal Age
18:20 Castle Age
16:38 Fletching
17:35 Double-Bit Axe
21:04 Bow Saw
20:35 Horse Collar
28:35 Bodkin Arrow
32:16 Ballistics
39:55 Elite Skirmisher
39:56 Crossbowman
40:40 Padded Archer Armor
44:36 Imperial Age
42:50 Gold Mining
43:17 Leather Archer Armor
42:49 Elite Skirmisher
43:33 Horse Collar
45:57 Bracer
45:42 Arbalester
47:23 Chemistry
46:11 Fishing Lines
47:22 Ring Archer Armor
47:30 Conscription
48:04 Bogsveigar
48:36 Heavy Plow
Dr. Jones
4:42 Loom
13:06 Feudal Age
18:25 Castle Age
17:29 Fletching
18:41 Padded Archer Armor
18:52 Gold Mining
18:49 Double-Bit Axe
19:16 Medium Warships
19:48 Crossbowman
21:49 Bodkin Arrow
33:26 Ballistics
33:36 Bow Saw
33:06 Horse Collar
35:18 Wheelbarrow
34:28 Town Watch
37:24 Hand Cart
41:32 Imperial Age
40:01 Leather Archer Armor
40:08 Heavy Plow
40:41 Murder Holes
41:36 Capped Ram
41:44 Arbalester
42:26 Bracer
43:54 Chemistry
43:56 Siege Ram
46:34 Garland Wars
46:35 Conscription
46:20 Scale Mail Armor
46:30 Forging
46:08 Gambesons
46:23 Squires
46:09 Arson
47:14 Gold Shaft Mining
46:59 Elite Jaguar Warrior
50:32 Chain Mail Armor
dr. helmut
9:39 Loom
12:01 Feudal Age
12:46 Double-Bit Axe
15:50 Forging
16:06 Fishing Lines
23:56 Castle Age
24:34 Fletching
25:26 Wheelbarrow
25:18 Medium Warships
25:39 Bodkin Arrow
25:56 Gillnets
26:40 Crossbowman
27:43 Bow Saw
30:31 Gold Mining
32:26 Ballistics
38:23 Imperial Age
38:15 Scale Mail Armor
39:32 Chain Mail Armor
41:29 Capped Ram
42:41 Plate Mail Armor
43:06 Conscription
42:54 Squires
42:40 Arson
44:21 Hand Cart
45:00 Gambesons
46:29 Padded Archer Armor
46:25 Elite Skirmisher
47:23 Bracer
48:00 Horse Collar
50:41 Gold Shaft Mining
51:00 Iron Casting
51:45 Leather Archer Armor
Connection lost

Rejoining the realm…

Still unreachable

The connection could not be restored.

Session expired

The server has moved on; the page needs a fresh start.